[Event "GER-ch Youth-U12 2022"]
[Site "Willingen"]
[Date "2022.06.10"]
[Round "8.15"]
[White "Uyar, Levin"]
[Black "Kullmann, Max"]
[Result "1-0"]
[ECO "B01"]
[WhiteElo "1306"]
[BlackElo "1442"]
[Annotator "NA RC COMBH"]
[PlyCount "71"]
[EventDate "2022.06.05"]
[EventType "swiss"]
[EventRounds "9"]
[EventCountry "GER"]
[SourceTitle "playchess.com"]
[Source "ChessBase"]
[SourceQuality "1"]
[TimeControl "40/4500+30:900+30"]

1. e4 d5 2. exd5 Qxd5 3. Nf3 Nf6 4. d4 c6 5. c4 Qd8 6. Be2 Bf5 7. Qb3 Qc8 8. Nc3 e6 9. Bf4 Nbd7 10. O-O Nh5 11. Be3 Bd6 12. Ne5 Nhf6 13. f4 O-O 14. Bf3 Be7 15. Rac1 Qc7 16. Rfd1 Nxe5 17. fxe5 Nd7 18. Be4 Bg4 19. Rf1 Bh5 20. Bf4 Bg6 21. Bxg6 hxg6 22. c5 Rad8 23. Ne4 Qc8 24. Rf3 Nb8 25. Nd6 Bxd6 26. exd6 Nd7 27. Bg5 Nf6 28. Bxf6 gxf6 29. Rxf6 Rd7 30. Rcf1 Kg7 31. Qc3 Qe8 32. d5 e5 33. dxc6 bxc6 34. Qf3 Kg8 35. Qxc6 Qc8 36. Qd5 1-0

[Event "GER-ch Youth-U12 2022"]
[Site "Willingen"]
[Date "2022.06.10"]
[Round "8.16"]
[White "Wylie, Leonard"]
[Black "Albrecht, Neil"]
[Result "0-1"]
[ECO "C24"]
[WhiteElo "1733"]
[BlackElo "1376"]
[Annotator "NA RC COMBH"]
[PlyCount "120"]
[EventDate "2022.06.05"]
[EventType "swiss"]
[EventRounds "9"]
[EventCountry "GER"]
[SourceTitle "playchess.com"]
[Source "ChessBase"]
[SourceQuality "1"]
[TimeControl "40/4500+30:900+30"]

1. e4 e5 2. d4 exd4 3. Bc4 Nf6 4. Nf3 Bb4+ 5. c3 dxc3 6. bxc3 d5 7. e5 Ne4 8. cxb4 dxc4 9. Qe2 Qd3 10. Qxd3 cxd3 11. O-O O-O 12. Re1 f5 13. Rd1 Rd8 14. Bf4 h6 15. h4 Be6 16. Nh2 g5 17. f3 gxf4 18. fxe4 fxe4 19. Nc3 Bf5 20. Rf1 f3 21. Rfe1 d2 22. Re3 fxg2 23. Kxg2 Nc6 24. Rd1 Rd4 25. a3 Rad8 26. Nf1 Nxe5 27. Nb5 Bg4 28. Rg3 Kh8 29. Rxg4 Nxg4 30. Nxd4 Rxd4 31. Rxd2 Rxd2+ 32. Nxd2 Ne3+ 33. Kf2 Nc2 34. Nxe4 Nxa3 35. Nc5 Nc2 36. Nd3 Kg7 37. b5 b6 38. Ke2 Nd4+ 39. Ke3 Nxb5 40. Ke4 c5 41. Kd5 Nd4 42. Kc4 Kf6 43. Nf4 Ke5 44. Ng6+ Kd6 45. Nh8 b5+ 46. Kd3 Nf3 47. Nf7+ Kd5 48. h5 Ne5+ 49. Kc3 Nxf7 50. Kb2 a5 51. Kb3 a4+ 52. Ka3 Kc4 53. Ka2 b4 54. Kb2 a3+ 55. Ka2 Kc3 56. Kb1 b3 57. Ka1 b2+ 58. Kb1 a2+ 59. Kxa2 Kc2 60. Ka3 b1=Q 0-1

[Event "GER-ch Youth-U12 2022"]
[Site "Willingen"]
[Date "2022.06.10"]
[Round "8.17"]
[White "Bangert, Jonas"]
[Black "Kulkovets, Roman"]
[Result "1-0"]
[ECO "B10"]
[WhiteElo "1483"]
[BlackElo "1099"]
[Annotator "NA RC COMBH"]
[PlyCount "105"]
[EventDate "2022.06.05"]
[EventType "swiss"]
[EventRounds "9"]
[EventCountry "GER"]
[SourceTitle "playchess.com"]
[Source "ChessBase"]
[SourceQuality "1"]
[TimeControl "40/4500+30:900+30"]

1. e4 c6 2. Nf3 d5 3. d3 dxe4 4. dxe4 Qxd1+ 5. Kxd1 Bg4 6. Be2 Nd7 7. Ne1 Bxe2+ 8. Kxe2 e5 9. Nd3 Ngf6 10. f3 Bd6 11. Be3 b5 12. a4 bxa4 13. Rxa4 c5 14. Nd2 Nb6 15. Ra6 Nfd7 16. Rha1 O-O 17. Rxa7 c4 18. Nxc4 Rxa7 19. Rxa7 Nxc4 20. Rxd7 Nxe3 21. Kxe3 Bb8 22. c4 Rc8 23. c5 Kf8 24. b4 Ke8 25. Rb7 Kf8 26. b5 Bc7 27. b6 Bd8 28. Nxe5 Be7 29. Nd7+ Ke8 30. Kd4 Rd8 31. c6 Rc8 32. Rc7 Ra8 33. Ra7 Rd8 34. b7 Bd6 35. Ra8 f5 36. Rxd8+ Kxd8 37. b8=Q+ Bxb8 38. Nxb8 fxe4 39. fxe4 g5 40. Na6 g4 41. Kd5 g3 42. h3 h5 43. Kd6 h4 44. Nb4 Kc8 45. Nc2 Kd8 46. c7+ Kc8 47. Na1 Kb7 48. Kd7 Kb6 49. c8=Q Ka7 50. Qc6 Kb8 51. Qb5+ Ka8 52. Kc7 Ka7 53. Qb7# 1-0

[Event "GER-ch Youth-U12 2022"]
[Site "Willingen"]
[Date "2022.06.10"]
[Round "8.18"]
[White "Li, Luxuan"]
[Black "Martin Fernandez, Rafael"]
[Result "1/2-1/2"]
[ECO "C11"]
[WhiteElo "1235"]
[BlackElo "1678"]
[Annotator "NA RC COMBH"]
[PlyCount "111"]
[EventDate "2022.06.05"]
[EventType "swiss"]
[EventRounds "9"]
[EventCountry "GER"]
[SourceTitle "playchess.com"]
[Source "ChessBase"]
[SourceQuality "1"]
[TimeControl "40/4500+30:900+30"]

1. e4 Nf6 2. Nc3 d5 3. e5 Nfd7 4. d4 e6 5. a3 c5 6. Nf3 Nc6 7. Be3 a6 8. a4 Qc7 9. dxc5 Ncxe5 10. Bf4 Bxc5 11. Nxe5 Nxe5 12. g3 O-O 13. Bg2 Bd6 14. O-O Bd7 15. Re1 Rac8 16. Rc1 Rfd8 17. Bxd5 exd5 18. Nxd5 Qb8 19. Bxe5 Bxe5 20. Ne7+ Kh8 21. Nxc8 Bxg3 22. hxg3 Qxc8 23. Qh5 Be6 24. Qh4 h6 25. Kh2 Rd2 26. Kg1 Qc5 27. Qf4 Rd7 28. Re5 Qb6 29. b3 Rd4 30. Qe3 Qd6 31. Re1 Rd1 32. f4 Kg8 33. Kf2 Bg4 34. Rxd1 Qxd1 35. Qd3 Qxd3 36. cxd3 Bd1 37. Re7 Bxb3 38. Rxb7 Bxa4 39. d4 Kf8 40. d5 Ke8 41. d6 Bc6 42. Ra7 Bb5 43. Ke3 g6 44. Kd4 h5 45. Ke5 Bc4 46. Kd4 Bb5 47. Kc5 Kf8 48. Kd4 Ke8 49. Ke5 Bc4 50. Kf6 Kd8 51. f5 Bd3 52. fxg6 fxg6 53. Ke6 Bf5+ 54. Kd5 Bd3 55. Kc6 Be4+ 56. Kc5 1/2-1/2

[Event "GER-ch Youth-U12 2022"]
[Site "Willingen"]
[Date "2022.06.10"]
[Round "8.19"]
[White "Gavrylyuk, Oleksandr"]
[Black "Noennig, Jakob"]
[Result "0-1"]
[ECO "C60"]
[WhiteElo "1272"]
[BlackElo "1556"]
[Annotator "NA RC COMBH"]
[PlyCount "86"]
[EventDate "2022.06.05"]
[EventType "swiss"]
[EventRounds "9"]
[EventCountry "GER"]
[SourceTitle "playchess.com"]
[Source "ChessBase"]
[SourceQuality "1"]
[TimeControl "40/4500+30:900+30"]

1. e4 e5 2. Nf3 Nc6 3. Bb5 a6 4. Ba4 Nge7 5. O-O g6 6. c3 Bg7 7. Re1 O-O 8. d4 exd4 9. cxd4 b5 10. Bc2 Nb4 11. b3 c5 12. Bb2 d5 13. e5 c4 14. Nc3 Nxc2 15. Qxc2 Bf5 16. Qd1 Qa5 17. Nh4 Bd7 18. Qd2 b4 19. Ne2 c3 20. Nxc3 bxc3 21. Bxc3 Qb5 22. Bb4 Rfe8 23. Rac1 Bh6 24. Qxh6 Qxb4 25. Red1 Nf5 26. Nxf5 Bxf5 27. h4 Rac8 28. Qf4 h5 29. f3 Rc2 30. Rxc2 Bxc2 31. Rc1 Bf5 32. Qe3 a5 33. Qc3 Qxc3 34. Rxc3 Rc8 35. Rc5 Rxc5 36. dxc5 Kf8 37. Kf2 d4 38. a3 Ke7 39. b4 axb4 40. axb4 Kd7 41. b5 Bd3 42. b6 Ba6 43. g4 Kc6 0-1

[Event "GER-ch Youth-U12 2022"]
[Site "Willingen"]
[Date "2022.06.10"]
[Round "8.20"]
[White "Prashanthakumar, Arju"]
[Black "Limmer, Marco"]
[Result "0-1"]
[ECO "C01"]
[WhiteElo "1265"]
[BlackElo "1825"]
[Annotator "NA RC COMBH"]
[PlyCount "116"]
[EventDate "2022.06.05"]
[EventType "swiss"]
[EventRounds "9"]
[EventCountry "GER"]
[SourceTitle "playchess.com"]
[Source "ChessBase"]
[SourceQuality "1"]
[TimeControl "40/4500+30:900+30"]

1. e4 e6 2. d4 d5 3. exd5 exd5 4. Nf3 Nf6 5. Bd3 Bd6 6. O-O O-O 7. Bg5 h6 8. Be3 Re8 9. Re1 Nc6 10. c3 Bd7 11. Nbd2 Ne4 12. Qc2 f5 13. Nb3 Qf6 14. Rad1 ({White should play} 14. Nc5 $11 Bxc5 15. dxc5) 14... Re7 (14... b6 $15 {might be stronger.}) 15. Nfd2 (15. Nc5 $11) 15... Rae8 ({Reject} 15... Qh4 $6 16. g3 Qf6 17. Kh1 $15) 16. f3 (16. Nf3 $17) 16... Nxd2 17. Bxd2 $2 {[%emt 0:00:44] [#]} (17. Qxd2 {nothing else works.} Qh4 18. g3 Bxg3 19. hxg3 Qxg3+ 20. Qg2 Qxg2+ 21. Kxg2 Rxe3 22. Rxe3 Rxe3 23. Nc5) 17... Bxh2+ $1 18. Kxh2 Qh4+ 19. Kg1 Rxe1+ 20. Rxe1 Rxe1+ 21. Bxe1 Qxe1+ 22. Bf1 (22. Kh2 $142) 22... b6 23. Qe2 {[%emt 0:04:40] [#]} (23. f4 $17) 23... Qxe2 $1 24. Bxe2 Kf7 25. Kf2 f4 26. g3 fxg3+ 27. Kxg3 Ne7 28. Bd3 Nf5+ 29. Bxf5 Bxf5 30. Nd2 Kf6 31. Nf1 g5 32. Ne3 Be6 33. f4 h5 34. fxg5+ Kxg5 35. Ng2 c5 36. b3 Bf5 37. b4 cxd4 38. cxd4 Be4 39. Nh4 a6 40. a3 b5 41. Nf3+ Bxf3 42. Kxf3 h4 43. Kg2 Kf4 44. Kh3 Ke4 45. Kxh4 Kxd4 46. Kg3 Kc3 47. Kf2 Kb3 48. Ke3 Kxa3 49. Kd4 Kxb4 50. Kxd5 Kc3 51. Kc5 b4 52. Kb6 b3 53. Kxa6 b2 54. Ka5 b1=Q 55. Ka6 Kc4 56. Ka7 Kc5 57. Ka8 Kc6 58. Ka7 Qb7# 0-1

[Event "GER-ch Youth-U12 2022"]
[Site "Willingen"]
[Date "2022.06.10"]
[Round "8.21"]
[White "Nguyen, Bach Khoi"]
[Black "Radeke, Timothy"]
[Result "1-0"]
[ECO "C50"]
[WhiteElo "1261"]
[BlackElo "1129"]
[Annotator "NA RC COMBH"]
[PlyCount "41"]
[EventDate "2022.06.05"]
[EventType "swiss"]
[EventRounds "9"]
[EventCountry "GER"]
[SourceTitle "playchess.com"]
[Source "ChessBase"]
[SourceQuality "1"]
[TimeControl "40/4500+30:900+30"]

1. e4 e5 2. Nf3 Nc6 3. Bc4 Bc5 4. d3 Nf6 5. Nbd2 O-O 6. O-O d5 7. exd5 Nxd5 8. Re1 f6 9. Nb3 Bb6 10. d4 Be6 11. dxe5 fxe5 12. a4 a6 13. Qd3 Qd6 14. Ng5 Rxf2 15. Qxh7+ Kf8 16. Be3 Bxe3 17. Ne4 Bf5 18. Qh8+ Ke7 19. Qxg7+ Kd8 20. Nxd6 cxd6 21. Bxd5 1-0

[Event "GER-ch Youth-U12 2022"]
[Site "Willingen"]
[Date "2022.06.10"]
[Round "8.24"]
[White "Böhler, Yannic"]
[Black "Mohammadzadeh, Daris"]
[Result "1/2-1/2"]
[ECO "A37"]
[WhiteElo "1361"]
[BlackElo "1371"]
[Annotator "NA RC COMBH"]
[PlyCount "68"]
[EventDate "2022.06.05"]
[EventType "swiss"]
[EventRounds "9"]
[EventCountry "GER"]
[SourceTitle "playchess.com"]
[Source "ChessBase"]
[SourceQuality "1"]
[TimeControl "40/4500+30:900+30"]

1. c4 c5 2. Nc3 Nc6 3. Nf3 g6 4. g3 Bg7 5. Bg2 d6 6. O-O e6 7. e3 Nge7 8. d4 cxd4 9. Nxd4 O-O 10. Ndb5 Nf5 11. Ne2 a6 12. Nbd4 Nfxd4 13. Nxd4 Nxd4 14. exd4 Qb6 15. d5 Bd7 16. Rb1 exd5 17. Qxd5 Bc6 18. Qxd6 Rfd8 19. Qf4 Bxg2 20. Kxg2 Qc6+ 21. Qf3 Qxc4 22. b3 Qd5 23. Be3 Rac8 24. Qxd5 Rxd5 25. Rfd1 Rxd1 26. Rxd1 h5 27. Rd7 Rc2 28. Rd8+ Kh7 29. Rd7 Kg8 30. Rd8+ Kh7 31. Rd7 Kg8 32. Rd8+ Kh7 33. Rd7 Kg8 34. Rd8+ Kh7 1/2-1/2

[Event "GER-ch Youth-U12 2022"]
[Site "Willingen"]
[Date "2022.06.10"]
[Round "8.25"]
[White "Hellenbroich, Hanno"]
[Black "Agirretxe San Sebastian, Jesus M"]
[Result "1-0"]
[ECO "B26"]
[WhiteElo "1274"]
[BlackElo "2117"]
[Annotator "TA"]
[PlyCount "61"]
[EventDate "2022.06.05"]
[EventType "swiss"]
[EventRounds "9"]
[EventCountry "GER"]
[SourceTitle "playchess.com"]
[Source "ChessBase"]
[SourceQuality "1"]
[TimeControl "40/4500+30:900+30"]

1. e4 c5 2. Nc3 Nc6 3. g3 g6 4. Bg2 Bg7 5. d3 d6 6. f4 e6 7. Nge2 Nge7 8. O-O O-O 9. a4 Rb8 10. Be3 Nd4 11. Qd2 Nec6 {[%emt 0:00:00] B26: Closed Sicilian: 3 g3, lines with early Be3.} 12. Nd1 {[%emt 0:00:00] [#]} Qc7 $146 ({Predecessor:} 12... d5 13. Nc1 dxe4 14. c3 Nf3+ 15. Bxf3 exf3 16. Bxc5 Re8 17. Nf2 b6 18. Be3 e5 19. fxe5 Nxe5 20. Nb3 Bb7 21. Nd4 a6 22. Rfe1 Qd5 23. Bh6 Bxh6 24. Qxh6 Nxd3 25. Nxd3 f2+ {0-1 (25) Garcia Padron,J (2400)-Geller,E (2550) Las Palmas 1979}) 13. Ra3 a6 {[%emt 0:01:36][%cal Ba7a6,Ba6b5][%mdl 32] Black has an edge.} 14. c3 Nxe2+ 15. Qxe2 b5 16. axb5 axb5 17. g4 f5 18. gxf5 exf5 19. e5 b4 20. Ra1 ({Much worse is} 20. Bd5+ Kh8 21. Ra2 Ne7 22. exd6 Qxd6 $17) 20... bxc3 21. Nxc3 (21. bxc3 $11 Kh8 22. d4) 21... Nd4 $2 {[%emt 0:04:15][%mdl 8192] Loses the game.} (21... Kh8 $17 {stays on course.}) 22. Bxd4 $18 cxd4 23. Nd5 Qd7 24. Rfc1 {[%emt 0:01:22][%cal Bf1c1,Bc1c7,Bc7g7][%mdl 32] [#] Hoping for Rc7.} Qb5 $2 (24... Rf7 {is a better chance.} 25. Rc7 Qe6) 25. Rc7 Ba6 26. Nf6+ Bxf6 27. exf6 {[%emt 0:00:08] White threatens Qe7 and mate.} Qxb2 28. Rg7+ {[%emt 0:01:02] White mates.} Kh8 {[%emt 0:00:14] [#]} 29. Rxh7+ $3 Kg8 30. Qe6+ Rf7 31. Qxf7# {[%emt 0:00:10] Weighted Error Value: White=0.24 (precise) /Black=1.05} 1-0

[Event "GER-ch Youth-U12 2022"]
[Site "Willingen"]
[Date "2022.06.10"]
[Round "8.26"]
[White "Halich, Jan Finnian"]
[Black "Gulamzada, Elmir"]
[Result "0-1"]
[ECO "D40"]
[WhiteElo "877"]
[BlackElo "1539"]
[Annotator "NA RC COMBH"]
[PlyCount "64"]
[EventDate "2022.06.05"]
[EventType "swiss"]
[EventRounds "9"]
[EventCountry "GER"]
[SourceTitle "playchess.com"]
[Source "ChessBase"]
[SourceQuality "1"]
[TimeControl "40/4500+30:900+30"]

1. d4 e6 2. e3 d5 3. c4 Nf6 4. Nc3 c5 5. Nf3 Nc6 6. b3 cxd4 7. exd4 Bb4 8. Bd2 dxc4 9. a3 Be7 10. Be3 cxb3 11. Qxb3 O-O 12. Bc4 Na5 13. Qa2 Qc7 14. Nd2 Nxc4 15. Qxc4 Qxc4 16. Nxc4 Bd7 17. Ne5 Rac8 18. Bg5 Bc6 19. O-O Bxg2 20. Kxg2 Rxc3 21. Rfc1 Rfc8 22. Rxc3 Rxc3 23. Rb1 b6 24. Nd7 Rxa3 25. Rc1 h6 26. Nxf6+ Bxf6 27. Rc8+ Kh7 28. Bxf6 gxf6 29. Rc7 Kg6 30. Kf1 Ra2 31. Ke1 a5 32. Rb7 Rb2 0-1

[Event "GER-ch Youth-U12 2022"]
[Site "Willingen"]
[Date "2022.06.10"]
[Round "8.27"]
[White "Dell, Philip"]
[Black "Fettig, Michel"]
[Result "0-1"]
[ECO "A48"]
[WhiteElo "1457"]
[BlackElo "1407"]
[Annotator "NA RC COMBH"]
[PlyCount "60"]
[EventDate "2022.06.05"]
[EventType "swiss"]
[EventRounds "9"]
[EventCountry "GER"]
[SourceTitle "playchess.com"]
[Source "ChessBase"]
[SourceQuality "1"]
[TimeControl "40/4500+30:900+30"]

1. d4 Nf6 2. Nf3 g6 3. Bf4 Bg7 4. e3 d6 5. Nbd2 Bf5 6. Nh4 Bd7 7. Bd3 Nh5 8. Bg3 O-O 9. c3 f5 10. Qb3+ Kh8 11. Qxb7 Bc6 12. Qb3 e5 13. f4 exf4 14. exf4 Nxf4 15. Bxf4 Qxh4+ 16. g3 Qe7+ 17. Kf2 Bxh1 18. Rxh1 Nd7 19. Nf3 Rab8 20. Qc2 Qf7 21. b3 Nb6 22. Ng5 Qf6 23. h4 h6 24. Qd1 Nd5 25. Bc4 Nxc3 26. Qc2 Qxd4+ 27. Be3 Ne4+ 28. Nxe4 fxe4+ 29. Ke2 Qe5 30. Bf4 Qh5+ 0-1

[Event "GER-ch Youth-U12 2022"]
[Site "Willingen"]
[Date "2022.06.11"]
[Round "9.1"]
[White "Buchinger, Alexis"]
[Black "Korchynskyi, Mykola"]
[Result "1-0"]
[ECO "C07"]
[WhiteElo "1676"]
[BlackElo "1723"]
[Annotator "NA RC COMBH"]
[PlyCount "101"]
[EventDate "2022.06.05"]
[EventType "swiss"]
[EventRounds "9"]
[EventCountry "GER"]
[SourceTitle "playchess.com"]
[Source "ChessBase"]
[SourceQuality "1"]
[TimeControl "40/4500+30:900+30"]

1. e4 e6 2. d4 d5 3. Nd2 c5 4. exd5 Qxd5 5. Ngf3 cxd4 6. Bc4 Qd6 7. Qe2 Nf6 8. Nb3 Nc6 9. Bg5 Be7 10. O-O-O Qc7 11. Nbxd4 a6 12. Rhe1 O-O 13. h4 h6 14. Nxc6 bxc6 15. Bd2 Nd5 16. g4 Bb4 17. Bxb4 Nxb4 18. Ne5 Qe7 19. Rh1 g6 20. a3 Nd5 21. Nxc6 Qd6 22. Bxd5 exd5 23. Ne7+ Kh7 24. Nxd5 Bb7 25. Ne3 Qf4 26. Rh3 Rac8 27. Kb1 Be4 28. h5 Rc7 29. hxg6+ fxg6 30. Rd2 Rb8 31. Nd5 Rcb7 32. Nb4 a5 33. Re3 axb4 34. Rxe4 Qf7 35. Rxb4 Rxb4 36. axb4 Ra8 37. Rd4 Qa7 38. c3 Qa2+ 39. Kc2 Qa4+ 40. Kd2 Re8 41. Qf3 Re7 42. Qf8 Qa7 43. Rd8 Rd7+ 44. Rxd7+ Qxd7+ 45. Kc2 Qa4+ 46. Kd3 Qd7+ 47. Ke3 Qxg4 48. Qe7+ Kg8 49. Qd8+ Kf7 50. Qd5+ Kf6 51. Qf3+ 1-0

[Event "GER-ch Youth-U12 2022"]
[Site "Willingen"]
[Date "2022.06.11"]
[Round "9.2"]
[White "Lu, Yunong Elias"]
[Black "Stichter, Constantin Paul"]
[Result "1/2-1/2"]
[ECO "C01"]
[WhiteElo "1671"]
[BlackElo "1472"]
[Annotator "NA RC COMBH"]
[PlyCount "66"]
[EventDate "2022.06.05"]
[EventType "swiss"]
[EventRounds "9"]
[EventCountry "GER"]
[SourceTitle "playchess.com"]
[Source "ChessBase"]
[SourceQuality "1"]
[TimeControl "40/4500+30:900+30"]

1. e4 e6 2. d4 d5 3. Bd3 dxe4 4. Bxe4 Nf6 5. Bf3 c5 6. Ne2 Nc6 7. Be3 Qb6 8. b3 Bd7 9. O-O cxd4 10. Nxd4 Bc5 11. c3 Ne5 12. b4 Bxd4 13. Bxd4 Nxf3+ 14. Qxf3 Qc6 15. Qxc6 Bxc6 16. Bxf6 gxf6 17. a4 Ke7 18. b5 Bd5 19. Na3 Rac8 20. Rac1 Bc4 21. Rfd1 e5 22. Rd2 Rc7 23. Rb2 Rc5 24. Rb4 Rhc8 25. f3 f5 26. Kf2 Ke6 27. Ke3 f4+ 28. Kd2 f5 29. Kc2 e4 30. Nxc4 Rxc4 31. Kb3 Rxb4+ 32. Kxb4 e3 33. Rd1 Ke5 1/2-1/2

[Event "GER-ch Youth-U12 2022"]
[Site "Willingen"]
[Date "2022.06.11"]
[Round "9.3"]
[White "Nechitailo, Nikita"]
[Black "Malinowsky, Levi"]
[Result "0-1"]
[ECO "B22"]
[WhiteElo "1371"]
[BlackElo "1816"]
[Annotator "NA RC COMBH"]
[PlyCount "82"]
[EventDate "2022.06.05"]
[EventType "swiss"]
[EventRounds "9"]
[EventCountry "GER"]
[SourceTitle "playchess.com"]
[Source "ChessBase"]
[SourceQuality "1"]
[TimeControl "40/4500+30:900+30"]

1. e4 c5 2. d4 cxd4 3. c3 Nf6 4. e5 Nd5 5. Nf3 Nc6 6. cxd4 d6 7. Bc4 Nb6 8. Bb3 g6 9. O-O Bg7 10. Re1 O-O 11. exd6 Qxd6 12. Bg5 Bg4 13. d5 Ne5 14. Nbd2 Rfe8 15. Ne4 Qb8 16. Rc1 Nc8 17. d6 Nxd6 18. Nxd6 exd6 19. Bf4 Nxf3+ 20. gxf3 Rxe1+ 21. Qxe1 Bxf3 22. Qe7 Qe8 23. Rc7 Qxe7 24. Rxe7 d5 25. Rxb7 Re8 26. Kf1 Bd4 27. Bg3 Bb6 28. Ba4 Re4 29. Bc2 Rc4 30. Be5 f6 31. Bc3 Rh4 32. Rb8+ Kf7 33. Rb7+ Ke6 34. Kg1 Rg4+ 35. Kf1 Rg2 36. Bd3 Rxh2 37. Ke1 Bxf2+ 38. Kf1 Be3 39. Ke1 d4 40. Bc4+ Kf5 41. Re7 Bf2+ 0-1

[Event "GER-ch Youth-U12 2022"]
[Site "Willingen"]
[Date "2022.06.11"]
[Round "9.4"]
[White "Skembris, Simon Max"]
[Black "Zhuikov, Edgard"]
[Result "0-1"]
[ECO "C45"]
[WhiteElo "1413"]
[BlackElo "1892"]
[Annotator "NA RC COMBH"]
[PlyCount "112"]
[EventDate "2022.06.05"]
[EventType "swiss"]
[EventRounds "9"]
[EventCountry "GER"]
[SourceTitle "playchess.com"]
[Source "ChessBase"]
[SourceQuality "1"]
[TimeControl "40/4500+30:900+30"]

1. e4 e5 2. Nf3 Nc6 3. d4 exd4 4. Nxd4 Bc5 5. Be3 Qf6 6. c3 Nge7 7. Bc4 Ne5 8. Be2 Qg6 9. O-O d6 10. Nb5 Bh3 11. Bf3 O-O-O 12. Kh1 Bxe3 13. fxe3 Bd7 14. a4 a6 15. Nd4 Be6 16. Nf5 Bxf5 17. exf5 Nxf5 18. Qe2 Nxf3 19. Qxf3 Nh6 20. Nd2 Rhe8 21. b4 Qd3 22. Rfd1 Rxe3 23. Qf4 Re2 24. Nc4 Qe4 25. Qxe4 Rxe4 26. Nd2 Re2 27. Kg1 Rde8 28. Nf3 Nf5 29. Nd4 Nxd4 30. Rxd4 Rc2 31. Rd3 g6 32. Rf1 f5 33. Rff3 Re1+ 34. Rf1 Rxf1+ 35. Kxf1 Kd7 36. Rh3 Ke6 37. Rxh7 Rxc3 38. Rh4 b5 39. axb5 axb5 40. Rh6 Kf6 41. Rh7 Ke5 42. Rg7 Kf6 43. Rh7 Rc2 44. h4 f4 45. Rh8 Kf5 46. Rf8+ Ke4 $19 47. Rf6 Rc1+ 48. Kf2 Rh1 49. g3 Rh2+ 50. Kg1 fxg3 51. Rxg6 Kf3 52. Rh6 Rb2 53. Rf6+ Kg4 54. Rf7 Kh3 55. Kf1 g2+ 56. Kg1 Rb1+ 0-1

[Event "GER-ch Youth-U12 2022"]
[Site "Willingen"]
[Date "2022.06.11"]
[Round "9.5"]
[White "Nemitz, Alfred"]
[Black "Sydykov Bayastan"]
[Result "1-0"]
[ECO "E00"]
[WhiteElo "1611"]
[BlackElo "1477"]
[Annotator "NA RC COMBH"]
[PlyCount "95"]
[EventDate "2022.06.05"]
[EventType "swiss"]
[EventRounds "9"]
[EventCountry "GER"]
[SourceTitle "playchess.com"]
[Source "ChessBase"]
[SourceQuality "1"]
[TimeControl "40/4500+30:900+30"]

1. a3 d5 2. d4 e6 3. c4 Nf6 4. Nc3 Be7 5. cxd5 exd5 6. Bg5 O-O 7. e3 c6 8. Bd3 Nbd7 9. Nf3 Re8 10. h3 Nf8 11. Bf4 Ng6 12. Bh2 Bd6 13. Bxd6 Qxd6 14. O-O Bd7 15. b4 a6 16. Rb1 Ne4 17. Qc2 f5 18. a4 Qf6 19. b5 axb5 20. axb5 Ra3 21. Rb3 Rea8 22. bxc6 bxc6 23. Rfb1 Rxb3 24. Qxb3 Be6 25. Qb7 Rc8 26. Na4 Nh4 27. Bxe4 fxe4 28. Nxh4 Qxh4 29. Nc5 Bxh3 30. gxh3 Rf8 31. Rb2 Qg5+ 32. Kh1 Qh5 33. Qd7 Qd1+ 34. Kh2 Qf1 35. f4 Rxf4 36. exf4 Qxf4+ 37. Kg2 Qf3+ 38. Kg1 h6 39. Rg2 g5 40. Ne6 Qf6 41. Qd8+ Kf7 42. Rf2 Qf3 43. Rxf3+ exf3 44. Qd7+ Kf6 45. Nd8 f2+ 46. Kf1 g4 47. h4 g3 48. Qf7# 1-0

[Event "GER-ch Youth-U12 2022"]
[Site "Willingen"]
[Date "2022.06.11"]
[Round "9.6"]
[White "Polzin, Gustav"]
[Black "Dordevic, Tom"]
[Result "0-1"]
[ECO "B19"]
[WhiteElo "1643"]
[BlackElo "1771"]
[Annotator "NA RC COMBH"]
[PlyCount "114"]
[EventDate "2022.06.05"]
[EventType "swiss"]
[EventRounds "9"]
[EventCountry "GER"]
[SourceTitle "playchess.com"]
[Source "ChessBase"]
[SourceQuality "1"]
[TimeControl "40/4500+30:900+30"]

1. e4 c6 2. d4 d5 3. Nc3 dxe4 4. Nxe4 Bf5 5. Ng3 Bg6 6. Nf3 e6 7. h4 h6 8. Bd3 Bxd3 9. Qxd3 Nd7 10. Bd2 Ngf6 11. O-O-O Be7 12. Rde1 Qc7 13. h5 O-O-O 14. Kb1 Rhe8 15. Re2 Bd6 16. Ne4 Nxe4 17. Rxe4 Nf6 18. Ree1 Kb8 19. Qe2 Nd7 20. Bc3 a6 21. Rh4 f6 22. Re4 Nf8 23. Nh4 Qf7 24. Nf5 Bc7 25. Bb4 Rd5 26. g4 Red8 27. Bxf8 exf5 28. Re8 Rxd4 29. gxf5 Be5 30. Rxd8+ Rxd8 31. Bc5 Qd7 32. Qg4 Qd2 33. Rg1 Qf4 34. Qxg7 Qf3 35. Rc1 Qxf5 36. Bb6 Rc8 37. Rd1 Qxh5 38. Qd7 Qe8 39. Qf5 Qf8 40. f4 Bc7 41. Bc5 Rd8 42. Rh1 Qg7 43. a3 Rd5 44. Qe6 Rxc5 45. Qe8+ Ka7 46. c4 Rxc4 47. Rd1 Qg4 48. Rd7 Qg1+ 49. Ka2 Qb6 50. Qe7 Rc2 51. Qxf6 Bxf4 52. Rd3 Bg5 53. Qe5 Rc5 54. Qg7 Rd5 55. Rb3 Rb5 56. Rg3 Qf2 57. Rg4 Bf6 0-1

[Event "GER-ch Youth-U12 2022"]
[Site "Willingen"]
[Date "2022.06.11"]
[Round "9.7"]
[White "Herrmann, Arthur"]
[Black "Schuricht, Emil Frederick"]
[Result "1-0"]
[ECO "B12"]
[WhiteElo "1507"]
[BlackElo "1641"]
[Annotator "NA RC COMBH"]
[PlyCount "41"]
[EventDate "2022.06.05"]
[EventType "swiss"]
[EventRounds "9"]
[EventCountry "GER"]
[SourceTitle "playchess.com"]
[Source "ChessBase"]
[SourceQuality "1"]
[TimeControl "40/4500+30:900+30"]

1. e4 c6 2. Ne2 d5 3. e5 c5 4. c3 Nc6 5. d4 Bf5 6. dxc5 Nxe5 7. Nd4 Bd7 8. Qh5 Qb8 9. f4 Ng6 10. Qxd5 Nxf4 11. Qf3 Qe5+ 12. Kf2 Ne6 13. Nxe6 Bxe6 14. Bb5+ Kd8 15. Rd1+ Kc8 16. c6 Qxb5 17. cxb7+ Qxb7 18. Rd8+ Kc7 19. Bf4+ Kb6 20. Rxa8 Nf6 21. Rb8 1-0

[Event "GER-ch Youth-U12 2022"]
[Site "Willingen"]
[Date "2022.06.11"]
[Round "9.8"]
[White "Blodig, Vincent"]
[Black "Aniol, Nico"]
[Result "0-1"]
[ECO "B32"]
[WhiteElo "1461"]
[BlackElo "1494"]
[Annotator "NA RC COMBH"]
[PlyCount "138"]
[EventDate "2022.06.05"]
[EventType "swiss"]
[EventRounds "9"]
[EventCountry "GER"]
[SourceTitle "playchess.com"]
[Source "ChessBase"]
[SourceQuality "1"]
[TimeControl "40/4500+30:900+30"]

1. Nf3 c5 2. e4 Nc6 3. d4 cxd4 4. Nxd4 e5 5. Nb5 a6 6. Nd6+ Bxd6 7. Qxd6 Qe7 8. Qxe7+ Ngxe7 9. Be3 d5 10. exd5 Nxd5 11. Bd2 Be6 12. Nc3 O-O-O 13. O-O-O Kb8 14. Be2 Nd4 15. Bd3 Nb4 16. Be3 Nxd3+ 17. Rxd3 Bc4 18. Rd2 Nf5 19. Rxd8+ Rxd8 20. Bc5 Kc7 21. Rd1 Rxd1+ 22. Kxd1 Nh4 23. Bf8 g6 24. Bg7 Nxg2 25. Bxe5+ Kd7 26. Bg3 f5 27. b3 Be6 28. Be5 Kc6 29. Ke2 Bd5 30. Nxd5 Kxd5 31. Bb8 b5 32. c3 g5 33. Bc7 h6 34. f3 Nh4 35. h3 Ng6 36. Bg3 h5 37. Kd2 Nf8 38. Kd3 Ne6 39. c4+ bxc4+ 40. bxc4+ Kc5 41. Kc3 g4 42. hxg4 hxg4 43. fxg4 fxg4 44. Bf2+ Kc6 45. Kb4 Ng5 46. Ka5 Ne4 47. Bg1 Kb7 48. c5 g3 49. c6+ Kxc6 50. Kxa6 Nc3 51. a3 g2 52. Ka5 Ne2 53. Bf2 Nf4 54. Ka4 Nh3 55. Ba7 Kd5 56. Kb5 Ke4 57. a4 Kf3 58. a5 Nf2 59. Bxf2 Kxf2 60. a6 g1=Q 61. Kb6 Qg8 62. Kb7 Qf7+ 63. Kb8 Qe8+ 64. Ka7 Qc8 65. Kb6 Qa8 66. Kc7 Qxa6 67. Kb8 Kf3 68. Kc7 Qe6 69. Kd8 Qf7 0-1